 Dungeon Crawl Stone Soup version 0.28-a0-1152-g9c71ebef14 (webtiles) character file.

Game seed: 12326480874361018586

492 spaghetti the Skirmisher (level 7, -2/54 HPs)
             Began as an Octopode Delver on Dec 14, 2021.
             Slain by a goblin (4 damage)
             ... on level 4 of the Dungeon.
             The game lasted 00:04:25 (3892 turns).

spaghetti the Skirmisher (Octopode Delver)          Turns: 3892, Time: 00:04:26

Health: -2/54      AC:  1    Str:  8 (11) XL:     7   Next: 14%
Magic:  7/7        EV: 13    Int: 14      God:
Gold:   116        SH:  0    Dex: 11 (14) Spells: 6/6 levels left

rFire   . . .      SeeInvis .   a - +1 hand axe {axe}
rCold   . . .      Faith    .   (no shield)
rNeg    . . .      Spirit   .   (helmet restricted)
rPois   .          Reflect  .   (no amulet)
rElec   .          Harm     .   (no ring)
rCorr   .          Rampage  .   (no ring)
Will    .....                   (no ring)
Stlth   ++++......              (no ring)
HPRegen 0.18/turn               (no ring)
MPRegen 0.10/turn               (no ring)
                                (no ring)
                                (no ring)

@: no status effects
A: almost no armour, amphibious, 8 rings, camouflage 1, gelatinous body 1,
(nimble swimmer 1), tentacles
a: no special abilities


You were on level 4 of the Dungeon.
You visited 1 branch of the dungeon, and saw 4 of its levels.

You collected 116 gold pieces.


Innate Abilities, Weirdness & Mutations

You cannot wear most types of armour.
You are amphibious.
You can wear up to eight rings at the same time.
Your skin changes colour to match your surroundings (Stealth+).
Your rubbery body absorbs attacks. (AC +1, EV +1)
((You are camouflaged near water. (Stealth+)))
You have tentacles for arms and can constrict up to eight enemies at once.


   Skills:
 + Level 7.9 Fighting
 - Level 2.0 Axes
 - Level 2.0 Dodging
 - Level 6.6 Stealth


You had 6 spell levels left.
You didn't know any spells.
Your spell library contained the following spells:

 Spells                   Type           Power      Damage    Failure   Level
 Corpse Rot               Necr/Air       0%         N/A       41%         2
 Dispel Undead            Necr           0%         3d6       96%         4
 Death Channel            Necr           0%         N/A       100%        6

Inventory:

Hand Weapons
 a - a +1 hand axe (weapon) {axe}
Missiles
 d - 25 poisoned darts (quivered) {throwing}
 g - 26 bolts
 j - 3 curare-tipped darts {=fthrowing}
 k - 21 stones {throwing}
Jewellery
 h - an amulet of guardian spirit
   (You found it on level 3 of the Dungeon)
Wands
 f - a wand of digging (3)
Scrolls
 b - 3 scrolls of fog
 c - 2 scrolls of magic mapping {!r}
 i - a scroll of enchant weapon
Potions
 e - a potion of haste {@q3}
 l - a potion of berserk rage {!q}

Dungeon Overview and Level Annotations

Branches:
Dungeon (5/15)
 Temple: D:4-7

Altars:
Ashenzari
Cheibriados
Elyvilon
Vehumet
Wu Jian

Shops:
D:2 [

Annotations:
D:5 Edmund

#....^.##..#.......#
###.###.#..#.......#
#.# #####'###'###'
#.# #............
#.# #######.#####
########.# #.#
#........# #.#
#.[#####.# #.#
.#...#@### #####.#
.......gZ)# #.....#
.....#.g##..##.#####
....#..#. #[#.#
.....w# # #.# ...#..
#.# ...... #.# ....#
#.##### ### .#.
#.....# #..


You could see a gnoll, a dart slug (wandering), a goblin and a water moccasin
skeleton.


Message History

No target in view!
No target in view!
No target in view!
You see here a +0 hand axe {axe}.
You see here a +0 hand axe {axe}.
There is an open door here.
No target in view!
No target in view!
No target in view!
No target in view!
No target in view!
No target in view!
No target in view!
No target in view!
A gnoll is nearby!
There is an open door here.
You catch the helpless gnoll completely off-guard!
You hit the gnoll. Your grab misses the gnoll. The gnoll closely misses you.
You closely miss the gnoll. Your grab misses the gnoll.
The gnoll barely misses you.
You hit the gnoll but do no damage. You grab the gnoll.
You constrict the gnoll, but do no damage.
The gnoll closely misses you.
You hit the gnoll but do no damage. You constrict the gnoll.
The gnoll hits you with a +0 spear!
The gnoll completely misses you. 😕 HP[-7]
You take 7 damage, and now have 47/54 hp.
You hit the gnoll but do no damage. You constrict the gnoll.
The gnoll hits you with a +0 spear. 😕 HP[-2]
You take 2 damage, and now have 45/54 hp.
You hit the gnoll. You squeeze the gnoll. You constrict the gnoll.
The gnoll hits you with a +0 spear! 😮 HP[-6]
You take 6 damage, and now have 39/54 hp.
You are too injured to fight recklessly!
You are too injured to fight recklessly!
You are too injured to fight recklessly!
You are too injured to fight recklessly!
You are too injured to fight recklessly!
A gnoll is nearby!
You hit the gnoll.
You kill the gnoll!
There is an open door here.
There is a stone staircase leading up here. 😎 HP[+15]
Your hp is fully restored (54).
A gnoll is nearby!
An orc and a skeleton come into view.
The helpless orc fails to defend itself.
You hit the orc.
The gnoll shouts!
Your grab misses the orc.
You hear a shout!
The orc closely misses you.
A goblin comes into view. It is wielding a +0 club.
The orc misses you.
You hit the orc. Your grab misses the orc. You barely miss the goblin.
The gnoll closely misses you. The goblin hits you with a +0 club.
The orc closely misses you. 😕 HP[-2]
You take 2 damage, and now have 52/54 hp.
You hit the orc.
You kill the orc!
You hit the goblin.
The gnoll hits you from afar with a +0 halberd!
The goblin hits you with a +0 club.
The water moccasin skeleton bites you! 😮 HP[-19]
You take 19 damage, and now have 33/54 hp.
MASSIVE DAMAGE!! (PAUSE)
You hit the water moccasin skeleton. You grab the water moccasin skeleton.
You barely miss the goblin.
You constrict the water moccasin skeleton.
The gnoll hits you from afar with a +0 halberd!!
* * * LOW HITPOINT WARNING * * *
The water moccasin skeleton barely misses you.
The goblin barely misses you. 😨 HP[-18]
You take 18 damage, and now have 15/54 hp.
MASSIVE DAMAGE!! (PAUSE)
You hit the water moccasin skeleton. You closely miss the goblin.
You constrict the water moccasin skeleton.
The water moccasin skeleton bites you.
* * * LOW HITPOINT WARNING * * *
The gnoll hits you from afar with a +0 halberd!
* * * LOW HITPOINT WARNING * * *
The goblin closely misses you.
The water moccasin skeleton closely misses you.
The gnoll barely misses you. 😱 HP[-14]
You take 14 damage, and now have 1/54 hp.
MASSIVE DAMAGE!! (PAUSE)
Okay, then.
Okay, then.
Okay, then.
Unknown command.
You release your grip on the water moccasin skeleton.
A dart slug comes into view.
The goblin hits you with a +0 club.
You die...

Skill      XL: |  1  2  3  4  5  6 |
---------------+-------------------+-----
Fighting       | 4 6 7 |  7.9
Axes           | |  2.0
Dodging        | |  2.0
Stealth        | |  6.6

Action                   |  1- 3 |  4- 6 |  7- 9 || total
-------------------------+-------+-------+-------++-------
Melee: Hand axe          |    17 |   101 |    13 ||   131
       Constrict         |     5 |    24 |     2 ||    31
       Tentacles         |     3 |    19 |     2 ||    24
  Use: Scroll            |     1 |     4 |       ||     5
       Potion            |       |     4 |       ||     4
 Stab: Sleeping          |     4 |    17 |     2 ||    23
       Distracted        |       |       |     1 ||     1
Armor: Skin              |     1 |     6 |       ||     7
Dodge: Dodged            |     7 |    60 |    13 ||    80

Levels and vault maps discovered:
D:2:      layout_rooms, serial_shops, nicolae_shop_statue_plus
D:3:      layout_loops_corners, pdpol_wu_jian_five_deadly_venoms,
          grunt_ministairs_3, uniq_natasha
D:4:      layout_loops_ring, mainiacjoe_overflow_24_doors,
          ashenzari_conservatory_becter, minmay_increasing_density, uniq_sigmund
D:5:      layout_cave_pools, general_overflow_altar, vehumet_altar_wand_db,
          serial_gnoll_camp, gnoll_camp_mini_shop, gnoll_camp_mini_doghouse,
          gnoll_camp_mini_loothouse, grums_kennel, lemuel_flame_loot_1,
          uniq_crazy_yiuf_cottage, uniq_edmund, uniq_prince_ribbit1

Notes
Turn   | Place    | Note
-------+----------+-------------------------------------------
     0 | D:5      | spaghetti the Octopode Delver began the quest for the Orb.
     0 | D:5      | Reached XP level 1. HP: 16/16 MP: 1/1
     0 | D:5      | magus.rc [v1.9.6]
     9 | D:5      | Found a white marble altar of Elyvilon.
    90 | D:4      | Reached XP level 2. HP: 9/22 MP: 2/2
    92 | D:4      | HP: 5/22 [poisoned by an adder]
    95 | D:4      | HP: 2/22 [poisoned by an adder]
   409 | D:4      | Reached skill level 4 in Fighting
   490 | D:4      | Found a snail-covered altar of Cheibriados.
   508 | D:4      | Reached XP level 3. HP: 27/27 MP: 3/3
   548 | D:4      | Noticed Sigmund
   556 | D:4      | Killed Sigmund
   557 | D:4      | Reached skill level 6 in Fighting
   557 | D:4      | Reached XP level 4. HP: 26/36 MP: 4/4
   557 | D:4      | Reached XP level 5. HP: 30/41 MP: 5/5
   978 | D:3      | Reached XP level 6. HP: 37/47 MP: 6/6
  1256 | D:3      | Noticed Natasha
  1268 | D:3      | Killed Natasha
  1729 | D:3      | Noticed Natasha
  1738 | D:3      | Killed Natasha
  1821 | D:3      | You pick up a book of Decay and begin reading...
  1821 | D:3      | You add the spells Corpse Rot, Dispel Undead and Death
                  | Channel to your library.
  1876 | D:3      | Found an ornate altar of the Wu Jian Council.
  1888 | D:3      | Noticed Natasha
  1895 | D:3      | Killed Natasha
  1896 | D:3      | Reached skill level 7 in Fighting
  2439 | D:2      | Found Cefa Xeo's Armour Boutique.
  2708 | D:5      | Noticed Edmund
  3207 | D:4      | Found a broken altar of Ashenzari.
  3382 | D:4      | HP: 11/49 [poisoned by a scorpion]
  3383 | D:4      | Reached XP level 7. HP: 12/54 MP: 7/7
  3387 | D:4      | HP: 8/54 [poisoned by a scorpion]
  3891 | D:4      | HP: 9/54 [water moccasin skeleton (6)]
  3891 | D:4      | HP: 1/54 [gnoll (8)]
  3892 | D:4      | Slain by a goblin

Vanquished Creatures
  Sigmund (D:4)
  A scorpion (D:4)
  A hound (D:5)
  An orc priest (D:4)
  A centaur skeleton (D:3)
  Natasha (thrice) (D:3)
  2 gnolls (D:4)
  5 adders
  An adder skeleton (D:4)
  2 dart slugs
  5 orcs (D:4)
  2 ball pythons (D:4)
  2 endoplasms (D:4)
  3 giant cockroaches
  2 goblins
  4 hobgoblins
  2 jackals (D:2)
  5 quokkas
  2 bats
  2 frilled lizards
  2 kobolds (D:2)
  A rat (D:2)
50 creatures vanquished.

Table legend:
 A = Non-vault XP
 B = Vault XP
 C = Vault XP percentage of total XP
 D = Non-vault monster count
 E = Vault monster count
 F = Vault count percentage of total count
                 A         B        C        D         E       F
            +---------+---------+-------+---------+---------+-------
      Total |     397 |     307 |  43.6 |      44 |       6 |  12.0
            +---------+---------+-------+---------+---------+-------
        D:2 |      48 |       0 |   0.0 |      14 |       0 |   0.0
        D:3 |     135 |      39 |  22.4 |      11 |       3 |  21.4
        D:4 |     214 |     226 |  51.4 |      19 |       2 |   9.5
        D:5 |       0 |      42 | 100.0 |       0 |       1 | 100.0
            +---------+---------+-------+---------+---------+-------

Illustrated notes

Table legend:
 A = Kills in this place as a percentage of kills in entire the game.
 B = Kills by you in this place as a percentage of kills by you in the entire game.
 C = Kills by friends in this place as a percentage of kills by friends in the entire game.
 D = Other kills in this place as a percentage of other kills in the entire game.
 E = Experience gained in this place as a percentage of experience gained in the entire game.
 F = Experience gained in this place divided by the number of levels of this place that you have seen.
                   A       B       C       D       E      F
               +-------+-------+-------+-------+-------+----------------------
         Total | 100.0 | 100.0 |   N/A |   N/A | 100.0 | 176.0
       Dungeon | 100.0 | 100.0 |   N/A |   N/A | 100.0 | 176.0
               +-------+-------+-------+-------+-------+----------------------

Table legend: (Time is in decaauts)
 A = Elapsed time spent in this place.
 B = Non-inter-level travel time spent in this place.
 C = Inter-level travel time spent in this place.
 D = Time resting spent in this place.
 E = Time spent auto-exploring this place.
 F = Levels seen in this place.
 G = Mean time per level.
                   A        B        C        D        E       F      G
               +--------+--------+--------+--------+--------+-----+--------+
         Total |   3930 |   3848 |     82 |   1222 |   2096 |   4 |  982.5 |
       Dungeon |   3930 |   3848 |     82 |   1222 |   2096 |   4 |  982.5 |
               +--------+--------+--------+--------+--------+-----+--------+

Top non-repeatable levels by time:
     D:4: 1843 daAuts
     D:3: 1555 daAuts
     D:2: 423 daAuts
     D:5: 107 daAuts
